[Event "73rd RUS-ch Higher League 2020"]
[Site "Sochi"]
[Date "2020.10.16"]
[Round "8.18"]
[White "Gaifullin, Artur"]
[Black "Belyakov, Bogdan"]
[Result "1-0"]
[ECO "E66"]
[WhiteElo "2440"]
[BlackElo "2458"]
[Annotator "ChessBase"]
[PlyCount "91"]
[EventDate "2020.10.08"]
[EventType "swiss"]
[EventCountry "RUS"]
[SourceTitle "playchess.com"]
[Source "ChessBase"]
[SourceQuality "1"]
[TimeControl "40/5400+30:1800+30"]

1. d4 Nf6 2. c4 g6 3. Nc3 Bg7 4. g3 O-O 5. Bg2 d6 6. Nf3 c5 7. O-O Nc6 8. d5 Na5 9. Nd2 a6 10. Rb1 Rb8 11. b3 b5 12. Bb2 Bf5 13. e4 Bg4 14. Qc2 Qc8 15. Rfe1 Bh3 16. Nd1 Bxg2 17. Kxg2 e5 18. Nf3 Bh6 19. Nxe5 dxe5 20. Bxe5 Rb6 21. Bc3 Nb7 22. e5 Nh5 23. f3 f6 24. e6 Nd6 25. Nf2 bxc4 26. bxc4 Rxb1 27. Qxb1 Nxc4 28. Qb3 Nd6 29. Qb6 Qb8 30. Qxa6 Re8 31. e7 Qc7 32. Re6 Nf5 33. d6 Qd7 34. Qc4 Kg7 35. Ng4 Nd4 36. Bxd4 cxd4 37. Qd5 d3 38. Re4 d2 39. Nxh6 f5 40. Rd4 Kxh6 41. Qf7 Qc6 42. Rxd2 Qc3 43. Rf2 Qc6 44. Qe6 Ng7 45. Qe3+ g5 46. Qd4 1-0

[Event "73rd RUS-ch Higher League 2020"]
[Site "Sochi"]
[Date "2020.10.16"]
[Round "8.19"]
[White "Makarian, Rudik"]
[Black "Kardashevskiy, Evgeny"]
[Result "0-1"]
[ECO "D35"]
[WhiteElo "2441"]
[BlackElo "2449"]
[Annotator "ChessBase"]
[PlyCount "78"]
[EventDate "2020.10.08"]
[EventType "swiss"]
[EventCountry "RUS"]
[SourceTitle "playchess.com"]
[Source "ChessBase"]
[SourceQuality "1"]
[TimeControl "40/5400+30:1800+30"]

1. d4 Nf6 2. c4 e6 3. Nf3 d5 4. Nc3 Nbd7 5. cxd5 exd5 6. Bf4 c6 7. h3 Be7 8. e3 Nf8 9. Bd3 Ne6 10. Bh2 g6 11. Ne5 O-O 12. O-O Ng7 13. g4 Nfe8 14. Kh1 Nd6 15. Ne2 f6 16. Nf3 Be6 17. Rg1 Qd7 18. Nf4 Ne4 19. Qc2 Ng5 20. Ne1 Bd6 21. h4 Bxf4 22. exf4 Nh3 23. f5 Nxg1 24. fxe6 Qxe6 25. Qd1 Nh3 26. Kg2 f5 27. Kxh3 fxg4+ 28. Qxg4 Rxf2 29. Qxe6+ Nxe6 30. Bg1 Rxb2 31. Be3 Rf8 32. Kg3 Ng7 33. Nc2 Nf5+ 34. Bxf5 Rxf5 35. Rc1 Rxa2 36. Bh6 a5 37. Ne3 Ra3 38. Re1 Rd3 39. Kg2 Rh5 0-1

[Event "73rd RUS-ch Higher League 2020"]
[Site "Sochi"]
[Date "2020.10.16"]
[Round "8.20"]
[White "Pogosyan, Stefan"]
[Black "Klimentov, Evgeny"]
[Result "1/2-1/2"]
[ECO "A30"]
[WhiteElo "2442"]
[BlackElo "2222"]
[Annotator "ChessBase"]
[PlyCount "80"]
[EventDate "2020.10.08"]
[EventType "swiss"]
[EventCountry "RUS"]
[SourceTitle "playchess.com"]
[Source "ChessBase"]
[SourceQuality "1"]
[TimeControl "40/5400+30:1800+30"]

1. c4 Nf6 2. Nc3 c5 3. g3 e6 4. Nf3 b6 5. Bg2 Bb7 6. O-O Be7 7. b3 O-O 8. Bb2 d5 9. cxd5 Nxd5 10. Nxd5 Bxd5 11. d4 Nc6 12. dxc5 Bxc5 13. Qd3 f5 14. Rad1 Qe7 15. Ne5 Nxe5 16. Bxe5 Rfd8 17. Qa6 Bxg2 18. Kxg2 Rxd1 19. Rxd1 Rd8 20. Rd3 Rxd3 21. Qxd3 Qb7+ 22. Qf3 Qxf3+ 23. Kxf3 Kf7 24. a4 a6 25. h4 g6 26. e3 b5 27. Kf4 h5 28. axb5 axb5 29. Bd4 Bd6+ 30. Be5 Bb4 31. Bd4 Bd6+ 32. Be5 Bb4 33. Bd4 Bd6+ 34. Be5 Bb4 35. Bd4 Bd6+ 36. Be5 Bb4 37. Bd4 Bd6+ 38. Be5 Bb4 39. Bd4 Bd6+ 40. Be5 Bb4 1/2-1/2

[Event "73rd RUS-ch Higher League 2020"]
[Site "Sochi"]
[Date "2020.10.16"]
[Round "8.21"]
[White "Rodchenkov, Vitaly"]
[Black "Obgolts, Erik"]
[Result "1-0"]
[ECO "B10"]
[WhiteElo "2321"]
[BlackElo "2376"]
[Annotator "ChessBase"]
[PlyCount "79"]
[EventDate "2020.10.08"]
[EventType "swiss"]
[EventCountry "RUS"]
[SourceTitle "playchess.com"]
[Source "ChessBase"]
[SourceQuality "1"]
[TimeControl "40/5400+30:1800+30"]

1. e4 c6 2. Nf3 d5 3. d3 Bg4 4. h3 Bxf3 5. Qxf3 e6 6. g3 Nd7 7. Bg2 Ngf6 8. O-O Bd6 9. Qe2 O-O 10. Nd2 Re8 11. Nf3 Qc7 12. Bg5 e5 13. Rfe1 h6 14. Bd2 Bf8 15. b4 c5 16. b5 c4 17. exd5 c3 18. Bc1 Bc5 19. Nh4 e4 20. Bf4 Qb6 21. Be3 Bxe3 22. Qxe3 Qxe3 23. Rxe3 exd3 24. Rxd3 Rac8 25. Nf5 Rc5 26. a4 Re2 27. Nd4 Rd2 28. Rxd2 cxd2 29. Rd1 Ne8 30. Rxd2 Nd6 31. Rd1 Kf8 32. Ne6+ fxe6 33. dxe6 Ke7 34. exd7 Kxd7 35. Bxb7 Rxc2 36. Bc6+ Kc7 37. Re1 Ra2 38. Re7+ Kb6 39. Rd7 Rd2 40. a5+ 1-0

[Event "73rd RUS-ch Higher League 2020"]
[Site "Sochi"]
[Date "2020.10.16"]
[Round "8.22"]
[White "Ibadov, Dashgyn"]
[Black "Shuvalova, Polina"]
[Result "0-1"]
[ECO "B19"]
[WhiteElo "2296"]
[BlackElo "2441"]
[Annotator "ChessBase"]
[PlyCount "88"]
[EventDate "2020.10.08"]
[EventType "swiss"]
[EventCountry "RUS"]
[SourceTitle "playchess.com"]
[Source "ChessBase"]
[SourceQuality "1"]
[TimeControl "40/5400+30:1800+30"]

1. e4 c6 2. d4 d5 3. Nc3 dxe4 4. Nxe4 Bf5 5. Ng3 Bg6 6. h4 h6 7. Nf3 Nd7 8. h5 Bh7 9. Bd3 Bxd3 10. Qxd3 e6 11. Bd2 Ngf6 12. O-O-O Be7 13. Kb1 Qb6 14. Nh4 Bb4 15. c3 Ba3 16. Bc1 Bd6 17. Ngf5 exf5 18. Nxf5 Qc7 19. Nxg7+ Kf8 20. Nf5 Bf4 21. Rhe1 Re8 22. g3 Rxe1 23. Rxe1 Bxc1 24. Kxc1 Nxh5 25. Qe2 Ndf6 26. Qc4 Qa5 27. Re5 Qb6 28. Re7 Nd5 29. Qe2 Qd8 30. Re5 Ng7 31. Nh4 h5 32. c4 Ne7 33. Qe3 Qd6 34. f4 Rh6 35. f5 Rf6 36. c5 Qd7 37. Qg5 Ng8 38. Qf4 Nh6 39. Qg5 Qd8 40. Kc2 Ng4 41. Qf4 Ne6 42. Ng6+ Kg7 43. Rxe6 fxe6 44. Qg5 Qxd4 0-1

[Event "73rd RUS-ch Higher League 2020"]
[Site "Sochi"]
[Date "2020.10.16"]
[Round "8.23"]
[White "Saidov, Bilukhadzh"]
[Black "Nazaretyan, Tigran"]
[Result "0-1"]
[ECO "A46"]
[WhiteElo "2259"]
[BlackElo "2308"]
[Annotator "ChessBase"]
[PlyCount "94"]
[EventDate "2020.10.08"]
[EventType "swiss"]
[EventCountry "RUS"]
[SourceTitle "playchess.com"]
[Source "ChessBase"]
[SourceQuality "1"]
[TimeControl "40/5400+30:1800+30"]

1. d4 Nf6 2. Nf3 d6 3. Nc3 Bf5 4. Nh4 Bd7 5. g3 e5 6. Bg2 exd4 7. Qxd4 Nc6 8. Qd1 g6 9. O-O Bg7 10. e4 Qc8 11. Re1 O-O 12. Bg5 Bh3 13. Qd2 Re8 14. Bh1 Ng4 15. Nf3 h6 16. Bf4 g5 17. Be3 Nxe3 18. Rxe3 f5 19. Bg2 Bxg2 20. Kxg2 f4 21. Ree1 Ne5 22. Nxe5 Bxe5 23. f3 Qe6 24. Nd5 Qf7 25. c3 a5 26. Qd3 b5 27. c4 c6 28. Nc3 Qxc4 29. Qd2 a4 30. Rac1 Qf7 31. Rc2 Rf8 32. g4 b4 33. Ne2 c5 34. Nc1 b3 35. axb3 axb3 36. Rc3 Bxc3 37. Qxc3 Ra1 38. Rd1 Qe6 39. Rd5 c4 40. Ne2 Rc8 41. Nd4 Qf6 42. e5 dxe5 43. Nf5 Qb6 44. Rd2 Qg1+ 45. Kh3 Qf1+ 46. Rg2 Re8 47. Nd6 Rc1 0-1

[Event "73rd RUS-ch Higher League 2020"]
[Site "Sochi"]
[Date "2020.10.16"]
[Round "8.24"]
[White "Tugarin, Anton"]
[Black "Lugovskoy, Maxim"]
[Result "1-0"]
[ECO "C04"]
[WhiteElo "2224"]
[BlackElo "2420"]
[Annotator "ChessBase"]
[PlyCount "49"]
[EventDate "2020.10.08"]
[EventType "swiss"]
[EventCountry "RUS"]
[SourceTitle "playchess.com"]
[Source "ChessBase"]
[SourceQuality "1"]
[TimeControl "40/5400+30:1800+30"]

1. e4 e6 2. d4 d5 3. Nd2 Nc6 4. Ngf3 Nf6 5. e5 Nd7 6. Bd3 f6 7. Ng5 Ndxe5 8. dxe5 fxg5 9. Qh5+ g6 10. Bxg6+ Kd7 11. c4 Nxe5 12. Bc2 Qf6 13. O-O c6 14. cxd5 exd5 15. f4 gxf4 16. Ne4 dxe4 17. Bxf4 Bg7 18. Rad1+ Kc7 19. Bg3 Qe6 20. Rf7+ Kb6 21. Rxg7 Nc4 22. b3 Ka6 23. bxc4 Qxc4 24. Bb3 Qc3 25. Be1 1-0

[Event "73rd RUS-ch Higher League 2020"]
[Site "Sochi"]
[Date "2020.10.16"]
[Round "8.25"]
[White "Sergeyev, Alexander"]
[Black "Bimiev, Ahmad"]
[Result "1-0"]
[ECO "D02"]
[WhiteElo "2374"]
[BlackElo "2252"]
[Annotator "ChessBase"]
[PlyCount "139"]
[EventDate "2020.10.08"]
[EventType "swiss"]
[EventCountry "RUS"]
[SourceTitle "playchess.com"]
[Source "ChessBase"]
[SourceQuality "1"]
[TimeControl "40/5400+30:1800+30"]

1. d4 Nf6 2. Nf3 d5 3. Bf4 c5 4. e3 Nc6 5. c3 Bg4 6. Qb3 Qc8 7. Ne5 c4 8. Qa4 a6 9. Nxc6 b5 10. Nxe7 Bxe7 11. Qc2 Nh5 12. Be5 f6 13. Bg3 Bf5 14. Qd1 Nxg3 15. hxg3 O-O 16. Be2 a5 17. Bf3 Qc6 18. O-O Bd6 19. Re1 Rfe8 20. b3 a4 21. b4 Ra7 22. g4 Bg6 23. a3 Rae7 24. Nd2 Bc7 25. Nf1 Qd6 26. g3 Bd3 27. Bg2 g5 28. Nd2 Be4 29. Bxe4 dxe4 30. Kg2 Kg7 31. Rh1 h6 32. Rh5 Rh8 33. Qh1 Qe6 34. Qh3 Kg6 35. Rh1 Reh7 36. Kf1 Bd6 37. Ke2 Qd5 38. Qg2 Re8 39. f3 exf3+ 40. Qxf3 Qxf3+ 41. Kxf3 Bxg3 42. Kxg3 Rxe3+ 43. Kf2 Rxc3 44. Ne4 Rxa3 45. Nd6 Rb3 46. Nxb5 a3 47. R5h3 a2 48. Nc3 Rxb4 49. d5 f5 50. gxf5+ Kxf5 51. Rf3+ Kg6 52. Ke3 Ra7 53. Ra1 g4 54. Rf2 Ra3 55. Kd4 Rbb3 56. Rfxa2 Rxa2 57. Rxa2 h5 58. d6 g3 59. Ra8 Rb2 60. Rg8+ Kf7 61. Rxg3 Rd2+ 62. Kc5 h4 63. Rg4 h3 64. Rxc4 h2 65. Rh4 Rc2 66. Kd4 Ke6 67. Rh6+ Kf5 68. Ne4 Ra2 69. d7 Ra8 70. Rxh2 1-0

[Event "73rd RUS-ch Higher League 2020"]
[Site "Sochi"]
[Date "2020.10.17"]
[Round "9.1"]
[White "Sakaev, Konstantin"]
[Black "Chigaev, Maksim"]
[Result "1/2-1/2"]
[ECO "D97"]
[WhiteElo "2596"]
[BlackElo "2598"]
[Annotator "RC"]
[PlyCount "83"]
[EventDate "2020.10.08"]
[EventType "swiss"]
[EventCountry "RUS"]
[SourceTitle "playchess.com"]
[Source "ChessBase"]
[SourceQuality "1"]
[TimeControl "40/5400+30:1800+30"]

1. d4 Nf6 2. c4 g6 3. Nc3 d5 4. Nf3 Bg7 5. Qb3 dxc4 6. Qxc4 O-O 7. e4 Nc6 8. h3 Nd7 9. Be3 Nb6 10. Qc5 Nd7 11. Qc4 Nb6 12. Qc5 Nd7 13. Qg5 Bf6 14. Qg3 e5 15. d5 Nd4 16. O-O-O Nxf3 17. gxf3 Bh4 18. Qh2 c6 19. f4 exf4 20. Bxf4 Qa5 21. Bc7 Nb6 22. Kb1 Re8 23. Qf4 Bd8 24. Bxd8 Rxd8 25. Qf6 Re8 26. d6 Be6 27. Qd4 Qg5 28. h4 Qf4 29. Qd2 Qxd2 30. Rxd2 f5 31. e5 f4 32. Bd3 Nd7 33. Re1 f3 34. Re3 Bf7 35. Ne4 Kg7 36. Nf6 Nxf6 37. exf6+ Kxf6 38. Rxf3+ Kg7 39. Rf4 Rad8 40. Bc4 Bxc4 41. Rxc4 Rd7 42. Kc2 1/2-1/2

[Event "73rd RUS-ch Higher League 2020"]
[Site "Sochi"]
[Date "2020.10.17"]
[Round "9.11"]
[White "Gaifullin, Artur"]
[Black "Sviridov, Valery"]
[Result "1/2-1/2"]
[ECO "B06"]
[WhiteElo "2440"]
[BlackElo "2558"]
[Annotator "RC"]
[PlyCount "90"]
[EventDate "2020.10.08"]
[EventType "swiss"]
[EventCountry "RUS"]
[SourceTitle "playchess.com"]
[Source "ChessBase"]
[SourceQuality "1"]
[TimeControl "40/5400+30:1800+30"]

1. d4 g6 2. e4 Bg7 3. Nc3 a6 4. f4 d6 5. Nf3 b5 6. Bd3 Bb7 7. O-O Nd7 8. a4 b4 9. Ne2 c5 10. c3 bxc3 11. bxc3 Ngf6 12. e5 Nd5 13. Rb1 Qc8 14. Ng5 O-O 15. e6 fxe6 16. Nxe6 c4 17. Bc2 Qc6 18. Rxb7 Qxb7 19. Nxf8 Rxf8 20. f5 gxf5 21. Bxf5 Kh8 22. Qe1 Rf7 23. Qh4 Nf8 24. Be4 Rxf1+ 25. Kxf1 e6 26. Qh5 Ne3+ 27. Bxe3 Qxe4 28. Kf2 d5 29. Qf7 Qh4+ 30. Ng3 Qf6+ 31. Qxf6 Bxf6 32. Nh5 Bd8 33. Bh6 Ng6 34. Ng7 Bg5 35. Bxg5 Kxg7 36. g4 e5 37. dxe5 Nxe5 38. h3 Kf7 39. Ke3 Ke6 40. Bf4 Nd3 41. a5 Nc5 42. h4 Kf6 43. Bg5+ Ke6 44. Bf4 Kf6 45. Bg5+ Ke5 1/2-1/2

[Event "73rd RUS-ch Higher League 2020"]
[Site "Sochi"]
[Date "2020.10.17"]
[Round "9.19"]
[White "Murzin, Volodar"]
[Black "Ovchinnikov, Vsevolod"]
[Result "1/2-1/2"]
[ECO "B06"]
[WhiteElo "2465"]
[BlackElo "2349"]
[Annotator "RC"]
[PlyCount "93"]
[EventDate "2020.10.08"]
[EventType "swiss"]
[EventCountry "RUS"]
[SourceTitle "playchess.com"]
[Source "ChessBase"]
[SourceQuality "1"]
[TimeControl "40/5400+30:1800+30"]

1. e4 g6 2. d4 Bg7 3. Nf3 d6 4. Bc4 Nf6 5. Qe2 O-O 6. c3 Bg4 7. Nbd2 e5 8. dxe5 dxe5 9. h3 Bxf3 10. Nxf3 Nbd7 11. O-O Qe7 12. Re1 Ne8 13. Bg5 Bf6 14. Be3 Nd6 15. Bd3 Bg7 16. Nd2 Bf6 17. Nc4 Nxc4 18. Bxc4 Bg5 19. Rad1 Bxe3 20. Qxe3 Nb6 21. Bb3 Rad8 22. g3 Rxd1 23. Rxd1 Rd8 24. Rxd8+ Qxd8 25. Qc5 Qd6 26. Qb5 c6 27. Qe2 Nd7 28. Qf3 Qe7 29. Kg2 Kg7 30. h4 Nc5 31. Bc2 Ne6 32. Qe3 Qc5 33. Qd3 Qe7 34. b4 Qd8 35. Qe3 Qb6 36. Qxb6 axb6 37. a4 Nc7 38. f4 f6 39. Bb3 Kf8 40. Kf3 Ne8 41. Ke3 Ke7 42. Bg8 Kf8 43. Bb3 Ke7 44. g4 h6 45. f5 g5 46. h5 Kd8 47. Kd3 1/2-1/2